 Dungeon Crawl Stone Soup version 0.31.0-11-ge490571c62 (webtiles) character file.

Game seed: 9730571176186387798

73 qw the Shooter (level 4, 0/25 HPs)
             Began as a Deep Elf Hunter on Feb 3, 2024.
             Succumbed to an adder's poison
             ... on level 3 of the Dungeon.
             The game lasted 00:00:04 (1679 turns).

qw the Shooter (Deep Elf Hunter)                    Turns: 1679, Time: 00:00:05

Health: 0/25       AC:  7    Str: 10    XL:     4   Next: 8%
Magic:  6/6        EV: 11    Int: 14    God:
Gold:   134        SH:  0    Dex: 18    Spells: 3/3 levels left

rFire   . . .        a - +0 shortbow
rCold   . . .        (shield currently unavailable)
rNeg    . . .        f - +0 ring mail
rPois   .            d - +2 hat
rElec   .            (no cloak)
rCorr   .            (no gloves)
SInv    .            (no boots)
Will    .....        (no amulet)
Stlth   +            (no ring)
HPRegen 0.24/turn    (no ring)
MPRegen 0.10/turn

%: no passive effects
@: lethally poisoned (0 -> -6)
A: no striking features
a: no special abilities


You were on level 3 of the Dungeon.
You visited 1 branch of the dungeon, and saw 3 of its levels.

You collected 134 gold pieces.


   Skills:
 - Level 1.5 Fighting
 + Level 7.5 Ranged Weapons
 - Level 2.4 Dodging
 - Level 1.2 Stealth


You had 3 spell levels left.
You didn't know any spells.
Your spell library was empty.

Inventory:

Hand Weapons
 a - a +0 shortbow (weapon)
Armour
 d - a +2 hat (worn)
 f - a +0 ring mail (worn)
Scrolls
 c - 2 scrolls of vulnerability {unknown}
 e - 2 scrolls of identify
Potions
 b - a potion of degeneration {unknown}
 i - a potion of curing
 j - a potion of attraction {unknown}
 k - a potion of haste {unknown}

Dungeon Overview and Level Annotations

Branches:
Dungeon (3/15)

Altars:

Shops:
D:2 [

Portals:
Sewer: D:3


Message History

Natasha is severely wounded.
The cerulean imp hits you from afar with a +1 spear.
Natasha claws you. The cerulean imp barely misses you.
You shoot an arrow. The arrow hits Natasha.
You kill Natasha!
Moaning pathetically, Natasha's spirit plunges into the ground.
The cerulean imp disappears in a puff of smoke! x2
You have reached level 4!
You feel clever.
You start resting.
An endoplasm comes into view.
1667 ||| FLEEEEING.
Found 3 stones.
1668 ||| FLEEEEING.
1669 ||| FLEEEEING.
The adder hisses angrily.
1670 ||| FLEEEEING.
1671 ||| FLEEEEING.
1672 ||| FLEEEEING.
1673 ||| FLEEEEING.
The giant cockroach waves its antennae.
1674 ||| FLEEEEING.
You see here 3 stones.
1675 ||| FLEEEEING.
You open the door. You shoot an arrow. The arrow hits the giant cockroach.
You kill the giant cockroach!
The giant cockroach waves its antennae.
The adder barely misses you.
You shoot an arrow. The arrow hits the adder!
The adder is almost dead.
The giant cockroach waves its antennae.
The endoplasm hits you but does no damage.
The adder barely misses you.
You shoot an arrow.
The arrow hits the adder but does no damage.
The adder is almost dead.
The adder bites you.
You are lethally poisoned!
The adder poisons you! The endoplasm barely misses you. The adder bites you.
You shoot an arrow. The arrow hits the adder!
You kill the adder!
You die...

#..#.#####.##
....#~~~#..## ......
#...#~~~#...##
.......##...#~\~#.....
.............#~~~#....
.............#.#BBB#....
........[....#.##%##...#
.....>.......#.J@......#
.................#####.#
................## ##.<#
^...........#### #..##
#..##%.#.....# #.##
#....###.....# #.#
#..###....##..##.#
#..###.#..# #.##.#
##...#.#..# #.##.#


You could see an endoplasm and 3 giant cockroaches.

Vanquished Creatures
  Natasha (D:3)
  2 adders
  2 dart slugs (D:1)
  2 ball pythons (D:1)
  4 bats
  3 endoplasms (D:1)
  A giant cockroach (D:3)
  5 goblins
  A hobgoblin (D:3)
  3 quokkas
  3 frilled lizards
  5 kobolds
  3 rats (D:2)
35 creatures vanquished.

Notes
Turn   | Place    | Note
-------+----------+-------------------------------------------
     0 | D:1      | qw the Deep Elf Hunter began the quest for the Orb.
     0 | D:1      | Reached XP level 1. HP: 12/12 MP: 3/3
     0 | D:1      | 0 ||| qw: Version: 0.3-a-155-g5e7d8dd
     0 | D:1      | 0 ||| qw: Game counter: 3435
     0 | D:1      | 0 ||| qw: Melee chars always use a shield: true
     0 | D:1      | 0 ||| qw: God list: Okawaru
     0 | D:1      | 0 ||| qw: Allow faded altars: false
     0 | D:1      | 0 ||| qw: Do Orc after clearing Dungeon:15 true
     0 | D:1      | 0 ||| qw: Do second Lair branch before Depths: true
     0 | D:1      | 0 ||| qw: Lair rune preference: random
     0 | D:1      | 0 ||| qw: Goals: Normal
     0 | D:1      | 0 ||| PLANNING D:1-11
   266 | D:1      | Reached skill level 6 in Ranged Weapons
   266 | D:1      | Reached XP level 2. HP: 16/16 MP: 4/4
   320 | D:1      | Found a faded altar of an unknown god.
   902 | D:1      | 902 ||| UPGRADING to +2 hat.
   907 | D:1      | 907 ||| READING scroll labelled UPRAUH XIXULLE.
   911 | D:1      | 911 ||| READING scroll labelled MIMEOLO AVYD.
   912 | D:1      | 912 ||| DROPPING scroll of butterflies.
   998 | D:2      | Identified the +8 spear "Tedic" {protect, rPois}
  1039 | D:2      | Reached XP level 3. HP: 20/20 MP: 5/5
  1430 | D:2      | Found Facworphi's Armour Emporium.
  1433 | D:2      | 1433 ||| SHOPLISTING +2 pair of gloves (214 gold, have
                  | 109).
  1572 | D:2      | 1572 ||| UPGRADING to +0 ring mail.
  1582 | D:2      | 1582 ||| DROPPING +0 leather armour.
  1583 | D:2      | 1583 ||| READING scroll labelled HUCRYO ULING.
  1583 | D:2      | 1583 ||| IDENTIFYING amethyst potion
  1584 | D:2      | 1584 ||| READING scroll labelled KUTZARGHASA.
  1585 | D:2      | 1585 ||| READING scroll labelled RADAYS VECS.
  1586 | D:2      | 1586 ||| READING scroll labelled ISOTHR VADITH.
  1605 | D:3      | Found a glowing drain.
  1606 | D:3      | 1606 ||| PLANNING SEWER
  1625 | D:3      | Reached skill level 7 in Ranged Weapons
  1656 | D:3      | Noticed Natasha
  1664 | D:3      | HP: 3/20 [Natasha (5)]
  1665 | D:3      | Killed Natasha
  1666 | D:3      | Reached XP level 4. HP: 4/25 MP: 6/6
  1667 | D:3      | 1667 ||| FLEEEEING.
  1668 | D:3      | 1668 ||| FLEEEEING.
  1669 | D:3      | 1669 ||| FLEEEEING.
  1670 | D:3      | 1670 ||| FLEEEEING.
  1671 | D:3      | 1671 ||| FLEEEEING.
  1672 | D:3      | 1672 ||| FLEEEEING.
  1673 | D:3      | 1673 ||| FLEEEEING.
  1674 | D:3      | 1674 ||| FLEEEEING.
  1675 | D:3      | 1675 ||| FLEEEEING.
  1678 | D:3      | HP: 4/25 [adder (3)]
  1679 | D:3      | Succumbed to an adder's poison

Levels and vault maps discovered:
D:1:      wander_arrival_desolate, layout_loops_corners,
          ebering_ecumenical_altar_webs
D:2:      layout_loops_ring, serial_shops, nicolae_shop_real_fake_doors,
          hangedman_decor_lopped
D:3:      kennysheep_six_static_rooms, layout_rooms,
          grunt_temple_overflow_opulence, gup_sewer_entry_glass, uniq_natasha

Skill      XL: |  1  2  3 |
---------------+----------+-----
Ranged Weapons | 6 7 |  7.5
Fighting       | |  1.5
Dodging        | |  2.4
Stealth        | |  1.2

Action                     |  1- 3 |  4- 6 || total
---------------------------+-------+-------++-------
   Fire: Shortbow          |    68 |     4 ||    72
    Use: Scroll            |     6 |       ||     6
 Armour: Leather armour    |     3 |       ||     3
         Ring mail         |     7 |     3 ||    10
  Dodge: Dodged            |     7 |     3 ||    10

Table legend:
 A = Non-vault XP
 B = Vault XP
 C = Vault XP percentage of total XP
 D = Non-vault monster count
 E = Vault monster count
 F = Vault count percentage of total count
                 A         B        C        D         E       F
            +---------+---------+-------+---------+---------+-------
      Total |      66 |      52 |  44.1 |      32 |       3 |   8.6
            +---------+---------+-------+---------+---------+-------
        D:1 |      32 |       0 |   0.0 |      16 |       0 |   0.0
        D:2 |      25 |       0 |   0.0 |      10 |       0 |   0.0
        D:3 |       9 |      52 |  85.2 |       6 |       3 |  33.3
            +---------+---------+-------+---------+---------+-------
